 Dungeon Crawl Stone Soup version 0.20-a0-795-ga03948b (webtiles) character file.

349 Alarkh the Slasher (level 6, 48/48 HPs)
             Began as a Demonspawn Monk on Mar 1, 2017.
             Was a Believer of Okawaru.
             Quit the game on level 5 of the Dungeon.
             The game lasted 00:03:49 (4053 turns).

Alarkh the Slasher (Demonspawn Monk)                Turns: 4053, Time: 00:03:49

Health: 48/48      AC:  7    Str: 11    XL:     6   Next: 33%
Magic:  6/6        EV: 13    Int: 13    God:    Okawaru [**....]
Gold:   328        SH:  4    Dex: 16    Spells: 5/5 levels left

rFire    . . .     SeeInvis .   a - +0 falchion
rCold    + . .     Gourm    .   t - +2 leather armour {rC+}
rNeg     . . .     Faith    .   w - +0 buckler
rPois    +         Spirit   .   (no helmet)
rElec    .         Reflect  .   z - +0 cloak
rCorr    .         Harm     .   s - +0 pair of gloves
MR       .....                  (no boots)
Stlth    +++.......             n - amulet of regeneration
Regen    0.6/turn               A - ring of stealth
MPRegen  0.1/turn               y - ring of poison resistance

@: no status effects
A: powered by pain 1, spiny 2, sanguine armour 1
a: Heroism, Renounce Religion


You were on level 5 of the Dungeon.
You worshipped Okawaru.
Okawaru was pleased with you.
You were not hungry.

You visited 2 branches of the dungeon, and saw 6 of its levels.

You collected 328 gold pieces.

Inventory:

Hand Weapons
 a - a +0 falchion (weapon)
Armour
 b - a +0 robe
 s - a +0 pair of gloves (worn)
 t - a +2 leather armour of cold resistance (worn)
 w - a +0 buckler (worn)
 z - a +0 cloak (worn)
Jewellery
 f - an uncursed amulet of magic regeneration
 n - an amulet of regeneration (around neck)
 y - a ring of poison resistance (left hand)
 A - a ring of stealth (right hand)
 D - a +3 amulet of reflection {unknown}
Scrolls
 d - 6 scrolls of teleportation {unknown}
 e - a scroll of identify
 i - 2 scrolls of magic mapping {unknown}
 k - a scroll of noise {unknown}
 o - a scroll of blinking {unknown}
 q - 2 scrolls of enchant armour {unknown}
 v - 2 scrolls of immolation {unknown}
 B - a scroll of fog {unknown}
Potions
 g - a potion of lignification
 h - a potion of berserk rage
 j - a potion of might
 l - a potion of agility {unknown}
 m - 3 potions of curing {unknown}
 C - a potion of mutation {unknown}
Comestibles
 c - 6 bread rations
 p - 3 royal jellies
 r - a meat ration
 u - 4 fruits
 x - 6 chunks of flesh


   Skills:
 + Level 4.3 Fighting
 * Level 4.7 Long Blades
 + Level 3.9 Dodging
 - Level 1.7 Stealth
 + Level 1.4 Shields


You had 5 spell levels left.
You didn't know any spells.

Dungeon Overview and Level Annotations

Branches:
Dungeon (5/15)             Temple (1/1) D:4

Altars:
Ashenzari
Cheibriados
Dithmenos
Fedhas
Gozag
Kikubaaqudgha
Makhleb
Nemelex Xobeh
Okawaru
Qazlal
Sif Muna
Vehumet
Wu Jian
Yredelemnul
The Shining One


Innate Abilities, Weirdness & Mutations

You sometimes gain a little power by taking damage.
You are mostly covered in sharp spines.
When seriously injured, your bleeding wounds create armour. (AC +0)


Message History

You feel your dexterity returning.
No target in view!
No target in view!
No target in view!
No target in view!
Found a stone staircase leading down.
You see here a bullfrog corpse.
x - 11 chunks of flesh (gained 4)
You see here a bullfrog skeleton. x2
Some of the chunks of flesh in your inventory have rotted away.
C - an emerald potion You enter a teleport trap!
The teleport trap disappears.
Your surroundings suddenly seem different.
There is an open door here.
Some of the chunks of flesh in your inventory have rotted away.
You found a shaft!
There is a shaft here.
D - a dented jasper amulet
Found a stone staircase leading up.
Are you sure you want to abandon this character and quit the game? (Confirm with "yes".)

### #.########### #......^....#
#.#########.# #.#.......#.#
#.#.####....# #.#.##<##########
#.#.@..#.# #....# #.######.#
#....##### ############.#......#
#.........
##..........#.#.####.####........
........................'........
##.#!.......#.#.####.####........
#...########.#.# #.# #########
#............#.# #.# #
#...##########.# #[######## #


There were no monsters in sight!

Vanquished Creatures
  A bullfrog (D:5)
  A quasit (D:4)
  A hound (D:5)
  An orc wizard (D:4)
  2 worker ants
  A worker ant zombie (D:5)
  6 adders
  2 worms (D:4)
  2 dart slugs
  6 leopard geckos
  6 orcs
  7 bats
  A giant cockroach (D:1)
  6 goblins
  6 hobgoblins
  7 jackals
  6 kobolds
  A quokka (D:5)
  A ball python (D:4)
  3 frilled lizards
  6 rats
73 creatures vanquished.

Notes
Turn   | Place    | Note
-------+----------+-------------------------------------------
     0 | D:1      | Alarkh the Demonspawn Monk began the quest for the Orb.
     0 | D:1      | Reached XP level 1. HP: 18/18 MP: 1/1
   515 | D:1      | Gained mutation: When seriously injured, your bleeding wounds create armour. (AC +0) [demonic ancestry]
   515 | D:1      | Reached XP level 2. HP: 14/24 MP: 2/2
  1100 | D:1      | Reached XP level 3. HP: 21/29 MP: 3/3
  1264 | D:2      | Found a snail-covered altar of Cheibriados.
  1427 | D:2      | Found an iron altar of Okawaru.
  1460 | D:2      | Became a worshipper of Warmaster Okawaru
  1460 | D:2      | Reached * piety under Okawaru
  1460 | D:2      | Reached ** piety under Okawaru
  1579 | D:2      | Found a burning altar of Makhleb.
  1793 | D:2      | Gained mutation: You are partially covered in sharp spines. [demonic ancestry]
  1793 | D:2      | Reached XP level 4. HP: 32/36 MP: 4/4
  2282 | D:3      | Found a shadowy altar of Dithmenos.
  2288 | D:3      | Found an ancient bone altar of Kikubaaqudgha.
  2487 | D:3      | Found a basalt altar of Yredelemnul.
  2823 | D:4      | Gained mutation: You are mostly covered in sharp spines. [demonic ancestry]
  2823 | D:4      | Reached XP level 5. HP: 37/42 MP: 5/5
  3009 | D:4      | Found a deep blue altar of Sif Muna.
  3072 | D:4      | Found a staircase to the Ecumenical Temple.
  3099 | Temple   | Entered the Ecumenical Temple
  3491 | D:4      | Reached skill level 1 in Shields
  3733 | D:5      | Entered Level 5 of the Dungeon
  3803 | D:5      | Found a stormy altar of Qazlal.
  3950 | D:5      | Gained mutation: You sometimes gain a little power by taking damage. [demonic ancestry]
  3950 | D:5      | Reached XP level 6. HP: 47/48 MP: 6/6
  4053 | D:5      | Quit the game

Vault maps used:
D:1:      saegor_arrival_simple_a
D:2:      lemuel_coloured_pillars_altar, cheibriados_altar_1,
          okawaru_ov_weapons_minmay
D:3:      old_standard_altar, amethyst_overflow_temple_binary
D:4:      lemuel_blue_sif_altar, minmay_temple_entry_grid, first_bread,
          hangedman_decor_growths
D:5:      gammafunk_temple_overflow_statue, serial_shops, nicolae_shop_stone,
          nicolae_qazlal_general_emergency, uniq_prince_ribbit1
Temple:   nicolae_temple_figure_zero

Skill      XL: |  1  2  3  4  5 |
---------------+----------------+-----
Long Blades    | 3 4 |  4.7
Dodging        | 3 |  3.9
Fighting       | 4 |  4.3
Shields        | 1 |  1.4
Stealth        | |  1.7

Action                   |  1- 3 |  4- 6 || total
-------------------------+-------+-------++-------
Melee: Falchion          |   118 |   107 ||   225
  Use: Scroll            |       |     4 ||     4
 Stab: Sleeping          |     5 |     2 ||     7
  Eat: Chunk             |     3 |     7 ||    10
Armor: Robe              |    21 |    20 ||    41
       Leather armour    |       |     9 ||     9
Dodge: Dodged            |    94 |    82 ||   176
Block: Buckler           |       |    21 ||    21
       Rpst.: Falchion   |    33 |    27 ||    60
